LBAL
DESERT WEST ACADEMY WHITES @ PACIFIC ACADEMY WHITES
04/10/1915
 
TOP OF THE 1ST
Desert West Academy Whites batting - Pitching for Pacific Academy Whites : RHP Florian Calvert
Pitching: RHP Florian Calvert
Batting: RHB Abraham Atwood 0-0: Called Strike
0-1: Ball
1-1: Ball
2-1: Called Strike
2-2: Strikes out swinging
Batting: RHB Florenci Taylor 0-0: Ball
1-0: Ball
2-0: Called Strike
2-1: Swinging Strike
2-2: Ball
3-2: Base on Balls
Batting: LHB Rolla Clark 0-0: Ball
1-0: Foul Ball, location: 7LMF
1-1: Ball
2-1: Foul Ball, location: 7LSF
2-2: Strikes out looking
Batting: SHB Abner Johnson 0-0: Ball
1-0: Called Strike
1-1: Ball
2-1: Fly out, F5 (Popup, 5, EV 62.5 MPH)
Top of the 1st over - 0 runs, 0 hits, 0 errors, 1 left on base; Desert West Academy 0 - Pacific Academy 0
BOTTOM OF THE 1ST
Pacific Academy Whites batting - Pitching for Desert West Academy Whites : RHP Miguel Jeeves
Pitching: RHP Miguel Jeeves
Batting: RHB Wallace Harding 0-0: Called Strike
0-1: Swinging Strike
0-2: Fly out, F8 (Flyball, 8LXD, EV 90.6 MPH)
Batting: RHB Gilbert Walker 0-0: Ball
1-0: Ball
2-0: Ball
3-0: Called Strike
3-1: Ground out 6-3 (Groundball, 4MS, EV 66.9 MPH)
Batting: SHB Arthur Richardson 0-0: Ball
1-0: Foul Ball, location: 2F
1-1: SINGLE (Groundball, 6MD, EV 111.3 MPH)
Batting: LHB Buster Day 0-0: Called Strike
Arthur Richardson is caught stealing 2nd base 2-6
Bottom of the 1st over - 0 runs, 1 hit, 0 errors, 0 left on base; Desert West Academy 0 - Pacific Academy 0
TOP OF THE 2ND
Desert West Academy Whites batting - Pitching for Pacific Academy Whites : RHP Florian Calvert
Batting: RHB Bradley Burlton 0-0: Called Strike
0-1: Ball
1-1: Foul Ball, location: 9LDF
1-2: Foul Ball, location: 9LSF
1-2: Fly out, F5 (Popup, 56, EV 65.6 MPH)
Batting: RHB James Ball 0-0: Ball
1-0: Ball
2-0: SINGLE (Groundball, 4MD, EV 98.1 MPH)
Batting: RHB Jack Meers 0-0: Ball
1-0: Sac Bunt to 13 - play at second, runner safe!
Batting: RHB Alois Southworth 0-0: Swinging Strike
0-1: Called Strike
0-2: Ball
1-2: Ball
2-2: Foul Ball, location: 3DF
2-2: Ball
3-2: Foul Ball, location: 2F
3-2: Strikes out looking
Batting: SHB Miguel Jeeves 0-0: SINGLE (Line Drive, 8LS, EV 86.9 MPH)
James Ball to third
Jack Meers to second
Batting: RHB Abraham Atwood 0-0: Ball
1-0: SINGLE (Groundball, 6MD, EV 94.4 MPH)
James Ball scores
Jack Meers to third
Miguel Jeeves to second
Batting: RHB Florenci Taylor 0-0: Ball
1-0: Foul Ball, location: 2F
1-1: Foul Ball, location: 2F
1-2: Ball
2-2: Ball
3-2: Ground out U3 (Groundball, 3, EV 101.3 MPH)
Top of the 2nd over - 1 run, 3 hits, 0 errors, 3 left on base; Desert West Academy 1 - Pacific Academy 0
BOTTOM OF THE 2ND
Pacific Academy Whites batting - Pitching for Desert West Academy Whites : RHP Miguel Jeeves
Batting: LHB Buster Day 0-0: Ball
1-0: Ground out U3 (Groundball, 3L, EV 86.9 MPH)
Batting: SHB John Grimsdell 0-0: Ball
1-0: Ball
2-0: Ball
3-0: Called Strike
3-1: Ground out 2-3 (Groundball, 2L, EV 67.5 MPH)
Batting: RHB Sim Prebble 0-0: Called Strike
0-1: Fly out, F9 (Line Drive, 9S, EV 83.8 MPH)
Bottom of the 2nd over - 0 runs, 0 hits, 0 errors, 0 left on base; Desert West Academy 1 - Pacific Academy 0
TOP OF THE 3RD
Desert West Academy Whites batting - Pitching for Pacific Academy Whites : RHP Florian Calvert
Batting: LHB Rolla Clark 0-0: Ball
1-0: Ball
2-0: Foul Ball, location: 7LMF
2-1: Foul Ball, location: 9LSFF
2-2: Ball
3-2: Ground out 4-3 (Groundball, 4, EV 103.1 MPH)
Batting: SHB Abner Johnson 0-0: Called Strike
0-1: Foul Ball, location: 7LMF
0-2: Ball
1-2: Strikes out swinging
Batting: RHB Bradley Burlton 0-0: Ball
1-0: Called Strike
1-1: Foul Ball, location: 2F
1-2: Ground out 4-3 (Groundball, 4, EV 94.4 MPH)
Top of the 3rd over - 0 runs, 0 hits, 0 errors, 0 left on base; Desert West Academy 1 - Pacific Academy 0
BOTTOM OF THE 3RD
Pacific Academy Whites batting - Pitching for Desert West Academy Whites : RHP Miguel Jeeves
Batting: LHB Bishop Robinson 0-0: SINGLE (Groundball, 6MD, EV 106.3 MPH)
Batting: RHB Thomas Jarvis 0-0: SINGLE (Groundball, 4MD, EV 99.4 MPH)
Bishop Robinson to second
Bishop Robinson to third
Batting: LHB Florian Calvert Pickoff Throw to First - Out! 1-3
0-0: Called Strike
0-1: Foul Ball, location: 9LDF
0-2: Fly out, F7 (Flyball, 7, EV 90.0 MPH)
Batting: RHB Wallace Harding 0-0: Ball
1-0: Swinging Strike
1-1: Ball
2-1: Swinging Strike
2-2: Fly out, F9 (Flyball, 9D, EV 88.1 MPH)
Bottom of the 3rd over - 0 runs, 2 hits, 0 errors, 1 left on base; Desert West Academy 1 - Pacific Academy 0
TOP OF THE 4TH
Desert West Academy Whites batting - Pitching for Pacific Academy Whites : RHP Florian Calvert
Batting: RHB James Ball 0-0: Ball
1-0: Foul Ball, location: 2F
1-1: Foul Ball, location: 9LSF
1-2: Ground out U3 (Groundball, 34, EV 93.1 MPH)
Batting: RHB Jack Meers 0-0: Ball
1-0: Foul Ball, location: 23F
1-1: Bunt for hit to 15 - play at first, batter OUT! 1-3
Batting: RHB Alois Southworth 0-0: Called Strike
0-1: Ball
1-1: Ball
2-1: Called Strike
2-2: Ball
3-2: Foul Ball, location: 7LSF
3-2: Ground out 4-3 (Groundball, 4, EV 80.0 MPH)
Top of the 4th over - 0 runs, 0 hits, 0 errors, 0 left on base; Desert West Academy 1 - Pacific Academy 0
BOTTOM OF THE 4TH
Pacific Academy Whites batting - Pitching for Desert West Academy Whites : RHP Miguel Jeeves
Batting: RHB Gilbert Walker 0-0: Called Strike
0-1: Called Strike
0-2: Ground out 4-3 (Groundball, 4, EV 90.6 MPH)
Batting: SHB Arthur Richardson 0-0: Foul Ball, location: 3DF
0-1: SINGLE (Line Drive, 89S, EV 98.8 MPH)
Batting: LHB Buster Day 0-0: Ball
1-0: Ball
Arthur Richardson steals 2nd base
2-0: Swinging Strike
2-1: Swinging Strike
2-2: Ball
3-2: Base on Balls
Batting: SHB John Grimsdell 0-0: Called Strike
0-1: Fly out, F9 (Line Drive, 89D, EV 98.8 MPH)
Batting: RHB Sim Prebble 0-0: Fly out, F6 (Line Drive, 6, EV 76.9 MPH)
Bottom of the 4th over - 0 runs, 1 hit, 0 errors, 2 left on base; Desert West Academy 1 - Pacific Academy 0
TOP OF THE 5TH
Desert West Academy Whites batting - Pitching for Pacific Academy Whites : RHP Florian Calvert
Batting: SHB Miguel Jeeves 0-0: Fly out, F3 (Popup, 3D, EV 68.1 MPH)
Batting: RHB Abraham Atwood 0-0: Ball
1-0: Ball
2-0: Called Strike
2-1: SINGLE (Groundball, P, EV 81.3 MPH) (infield hit)
Batting: RHB Florenci Taylor 0-0: Ball
1-0: Ball
2-0: Called Strike
2-1: Ball
3-1: Base on Balls
Abraham Atwood to second
Batting: LHB Rolla Clark 0-0: Swinging Strike
0-1: Ball
1-1: Ball
2-1: Foul Ball, location: 7LMF
2-2: Ball
3-2: Foul Ball, location: 7LMF
3-2: Fielders Choice at 2nd, 4-6 (Groundball, 4, EV 87.5 MPH)
Abraham Atwood to third
Batting: SHB Abner Johnson 0-0: Called Strike
Rolla Clark is caught stealing 2nd base 2-6
Top of the 5th over - 0 runs, 1 hit, 0 errors, 1 left on base; Desert West Academy 1 - Pacific Academy 0
BOTTOM OF THE 5TH
Pacific Academy Whites batting - Pitching for Desert West Academy Whites : RHP Miguel Jeeves
Batting: LHB Bishop Robinson 0-0: Ground out 5-3 (Groundball, 56, EV 81.9 MPH)
Batting: RHB Thomas Jarvis 0-0: Ball
1-0: Swinging Strike
1-1: Swinging Strike
1-2: SINGLE (Groundball, 4D, EV 109.4 MPH)
Batting: LHB Florian Calvert 0-0: Called Strike
Thomas Jarvis steals 2nd base
0-1: Ball
1-1: Ball
2-1: Fly out, F7 (Flyball, 78S, EV 87.5 MPH)
Batting: RHB Wallace Harding 0-0: Ball
1-0: Swinging Strike
1-1: Ball
2-1: Swinging Strike
2-2: Ball
3-2: Base on Balls
Batting: RHB Gilbert Walker 0-0: Ball
1-0: Ground out 4-3 (Groundball, 4, EV 100.6 MPH)
Bottom of the 5th over - 0 runs, 1 hit, 0 errors, 2 left on base; Desert West Academy 1 - Pacific Academy 0
TOP OF THE 6TH
Desert West Academy Whites batting - Pitching for Pacific Academy Whites : RHP Florian Calvert
Batting: SHB Abner Johnson 0-0: Foul Ball, location: 2F
0-1: Ball
1-1: Swinging Strike
1-2: Ground out U3 (Groundball, 3, EV 88.1 MPH)
Batting: RHB Bradley Burlton 0-0: Ball
1-0: Ball
2-0: Foul Ball, location: 3DF
2-1: Fly out, F7 (Flyball, 7D, EV 110.6 MPH)
Batting: RHB James Ball 0-0: Single, Error in OF, E8, batter to second base (Line Drive, 78M, EV 101.3 MPH)
Batting: RHB Jack Meers 0-0: SINGLE (Groundball, 6MD, EV 104.4 MPH)
James Ball to third
Batting: RHB Alois Southworth 0-0: Ball
1-0: Foul Ball, location: 9LSF
1-1: Foul Ball, location: 5F
1-2: Fly out, F3 (Popup, 3SF, EV 81.3 MPH)
Top of the 6th over - 0 runs, 2 hits, 1 error, 2 left on base; Desert West Academy 1 - Pacific Academy 0
BOTTOM OF THE 6TH
Pacific Academy Whites batting - Pitching for Desert West Academy Whites : RHP Miguel Jeeves
Batting: SHB Arthur Richardson 0-0: Foul Ball, location: 2F
0-1: Ball
1-1: Ball
2-1: Ball
3-1: Base on Balls
Batting: LHB Buster Day 0-0: SINGLE (Groundball, 13S, EV 69.4 MPH) (infield hit)
Arthur Richardson to second
Batting: SHB John Grimsdell 0-0: Ball
1-0: Ball
2-0: Sac Bunt to 13S - play at third, runner OUT! 1-5
Buster Day to second
Batting: RHB Sim Prebble 0-0: SINGLE (Flyball, 89S, EV 91.9 MPH)
Buster Day to third
John Grimsdell to second
Pinch Hitting: LHB Ansel Fain 0-0: Ball
1-0: Fly out, F7 (Flyball, 7, EV 90.6 MPH)
Pinch Hitting: RHB James Bunyan 0-0: Called Strike
0-1: Fly out, F2 (Popup, 2RF, EV 95.0 MPH)
Bottom of the 6th over - 0 runs, 2 hits, 0 errors, 3 left on base; Desert West Academy 1 - Pacific Academy 0
TOP OF THE 7TH
Desert West Academy Whites batting - Pitching for Pacific Academy Whites : RHP Florian Calvert
Now at 2B: Sim Prebble
Now at SS: Barney Walker
Now in LF: Ansel Fain
Batting: SHB Miguel Jeeves 0-0: Swinging Strike
0-1: Swinging Strike
0-2: Strikes out swinging
Batting: RHB Abraham Atwood 0-0: Fly out, F7 (Line Drive, 78M, EV 97.5 MPH)
Batting: RHB Florenci Taylor 0-0: Ground out 5-3 (Groundball, 56S, EV 68.1 MPH)
Top of the 7th over - 0 runs, 0 hits, 0 errors, 0 left on base; Desert West Academy 1 - Pacific Academy 0
BOTTOM OF THE 7TH
Pacific Academy Whites batting - Pitching for Desert West Academy Whites : RHP Miguel Jeeves
Batting: LHB Florian Calvert 0-0: Called Strike
0-1: Foul Ball, location: 3F
0-2: Ball
1-2: Foul Ball, location: 7LDF
1-2: Ball
2-2: Fly out, F7 (Flyball, 7, EV 95.0 MPH)
Batting: RHB Wallace Harding 0-0: SINGLE (Line Drive, 7S, EV 102.5 MPH)
Batting: RHB Gilbert Walker 0-0: Called Strike
0-1: Ball
1-1: Ball
Wallace Harding steals 2nd base
2-1: DOUBLE (Flyball, 8LD, EV 101.9 MPH)
Wallace Harding scores
Batting: SHB Arthur Richardson 0-0: Intentional Walk
Batting: LHB Buster Day 0-0: Ball
1-0: Called Strike
1-1: Ball
2-1: Swinging Strike
2-2: Reached on error, E6 (Groundball, 56, EV 80.0 MPH)
Gilbert Walker to third
Arthur Richardson to second
Pinch Hitting: RHB Kenneth Egglestone 0-0: Fly out, F7 (Flyball, 7S, EV 91.3 MPH)
Batting: RHB Sim Prebble 0-0: Called Strike
0-1: Ball
1-1: Ball
2-1: Ball
3-1: Foul Ball, location: 2F
3-2: Foul Ball, location: 2F
3-2: Foul Ball, location: 25F
3-2: SINGLE (Groundball, 34D, EV 96.9 MPH)
Gilbert Walker scores
Arthur Richardson to third
Buster Day to second
Arthur Richardson scores
Buster Day to third
Batting: LHB Ansel Fain 0-0: Fly out, F4 (Popup, 4, EV 78.1 MPH)
Bottom of the 7th over - 3 runs, 3 hits, 1 error, 2 left on base; Desert West Academy 1 - Pacific Academy 3
TOP OF THE 8TH
Desert West Academy Whites batting - Pitching for Pacific Academy Whites : RHP Florian Calvert
Now in LF: Pedro Breckin
Now in CF: Anastaci Tiffin
Batting: LHB Rolla Clark 0-0: Called Strike
0-1: Ground out 4-3 (Groundball, 34, EV 108.8 MPH)
Pinch Hitting: LHB Walter Barnstaple 0-0: Called Strike
0-1: Ball
1-1: Ball
2-1: Ball
3-1: Foul Ball, location: 2F
3-2: TRIPLE (Flyball, 89XD, EV 98.1 MPH)
Pinch Hitting: RHB Ewald Vaisey 0-0: Ball
1-0: Swinging Strike
1-1: Ball
2-1: Ball
3-1: Called Strike
3-2: Foul Ball, location: 25F
3-2: SINGLE (Flyball, 8RS, EV 93.1 MPH)
Walter Barnstaple scores
Pitching: LHP John Joss
Batting: RHB James Ball 0-0: Swinging Strike
0-1: Foul Ball, location: 9LDF
0-2: Strikes out swinging
Batting: RHB Jack Meers 0-0: Swinging Strike
0-1: Ground out 6-3 (Groundball, 56, EV 106.9 MPH)
Top of the 8th over - 1 run, 2 hits, 0 errors, 1 left on base; Desert West Academy 2 - Pacific Academy 3
BOTTOM OF THE 8TH
Pacific Academy Whites batting - Pitching for Desert West Academy Whites : RHP Miguel Jeeves
Now in LF: Walter Barnstaple
Now in RF: Ewald Vaisey
Batting: RHB Barney Walker 0-0: Foul Ball, location: 9LSF
0-1: Reached on error, E4 (Groundball, 4, EV 86.3 MPH)
Batting: LHB John Joss 0-0: Bunted foul
0-1: Ball
Barney Walker steals 2nd base
1-1: Sac Bunt to 15S - play at first, batter OUT! 1-4
Barney Walker to third
Batting: RHB Wallace Harding 0-0: Intentional Walk
Batting: RHB Gilbert Walker 0-0: Ball
Wallace Harding is caught stealing 2nd base 2-4
1-0: Ball
2-0: Called Strike
2-1: Foul Ball, location: 3FF
2-2: Ball
3-2: Foul Ball, location: 2F
3-2: Fly out, F8 (Flyball, 8LD, EV 105.6 MPH)
Bottom of the 8th over - 0 runs, 0 hits, 1 error, 1 left on base; Desert West Academy 2 - Pacific Academy 3
TOP OF THE 9TH
Desert West Academy Whites batting - Pitching for Pacific Academy Whites : LHP John Joss
Pinch Hitting: RHB James Allen 0-0: DOUBLE (Flyball, 9LD, EV 105.0 MPH)
Pinch Hitting: LHB William Clarke 0-0: Bunted foul
0-1: Sac Bunt to 13 - play at first, batter OUT! 1-4
James Allen to third
Batting: RHB Abraham Atwood 0-0: Called Strike
0-1: Ball
1-1: Fly out, F9 (Flyball, 9LM, EV 95.0 MPH)
Batting: RHB Florenci Taylor 0-0: Ball
1-0: Foul Ball, location: 9LDF
1-1: Ball
2-1: Ground out U3 (Groundball, 3, EV 98.1 MPH)
Top of the 9th over - 0 runs, 1 hit, 0 errors, 1 left on base; Desert West Academy 2 - Pacific Academy 3
Thursday, October 24th , 2024 - OOTP Baseball 25.9 Build 91